 Dungeon Crawl Stone Soup version 0.27.0-1-g7a089689b8 (webtiles) character file.

Game seed: 16498193656216900227

655 Malachi the Covert (level 7, -4/46 HPs)
             Began as a Vampire Enchanter on Aug 17, 2021.
             Shot with an arrow by a centaur (6 damage)
             ... on level 5 of the Dungeon.
             The game lasted 00:09:59 (4710 turns).

Malachi the Covert (Vampire Enchanter)              Turns: 4710, Time: 00:09:59

Health: -4/46      AC:  5    Str:  7    XL:     7   Next: 29%
Magic:  4/10       EV: 16    Int: 20    God:
Gold:   156        SH:  0    Dex: 14    Spells: 5/10 levels left

rFire    . . .     SeeInvis +   p - +5 dagger
rCold    . . .     Faith    .   (no shield)
rNeg     . . .     Spirit   .   b - +0 robe
rPois    +         Reflect  .   (no helmet)
rElec    .         Harm     .   (no cloak)
rCorr    .         Rampage  +   (no gloves)
Will     .....                  d - +2 pair of boots {rampage}
Stlth    ++++......             (no amulet)
HPRegen  0.35/turn              c - +4 ring of evasion
MPRegen  0.12/turn              g - ring of poison resistance

@: healing quickly
A: alive, fangs 3, see invisible, vampiric 2
a: Exsanguinate


You were on level 5 of the Dungeon.
You visited 1 branch of the dungeon, and saw 5 of its levels.

You collected 156 gold pieces.

Inventory:

Hand Weapons
 p - a +5 dagger (weapon)
Missiles
 s - 28 poisoned darts
Armour
 b - a +0 robe (worn)
 d - a +2 pair of boots of rampaging (worn)
Jewellery
 c - a +4 ring of evasion (left hand)
 f - an amulet of faith
 g - a ring of poison resistance (right hand)
 m - a +4 ring of protection
 u - an amulet of magic regeneration
Scrolls
 i - a scroll of fear
 k - a scroll of silence
 o - a scroll of identify
Potions
 a - a potion of cancellation {unknown}
 e - 2 potions of haste
 h - a potion of degeneration {unknown}
 j - a potion of brilliance {unknown}
 l - a potion of heal wounds {unknown}
 n - a potion of lignification {unknown}


   Skills:
 * Level 1.7 Short Blades
 - Level 2.1 Dodging
 * Level 9.4 Stealth
 - Level 2.0 Spellcasting
 - Level 7.0 Hexes
 - Level 4.0 Ice Magic


You had 5 spell levels left.
You knew the following spells:

 Your Spells              Type           Power      Damage    Failure   Level
a - Confusing Touch       Hex            30%        N/A       2%          3
b - Ensorcelled Hibernat  Hex/Ice        48%        N/A       2%          2

Your spell library contained the following spells:

 Spells                   Type           Power      Damage    Failure   Level
 Corona                   Hex            33%        N/A       1%          1
 Tukima's Dance           Hex            30%        N/A       2%          3
 Dazzling Flash           Conj/Hex       32%        N/A       11%         3
 Conjure Ball Lightning   Conj/Air       1%         3x3d6     100%        6
 Discord                  Hex            15%        N/A       100%        8
 Disjunction              Tloc           1%         N/A       100%        8


Dungeon Overview and Level Annotations

Branches:
Dungeon (5/15)
 Temple: D:4-7

Altars:

Shops:
D:1 (


Innate Abilities, Weirdness & Mutations

Your natural rate of healing is accelerated.
You have razor-sharp teeth.
You have supernaturally acute eyesight. (SInv)
You are afflicted with vampirism and can become a bat while bloodless.


Message History

Confirm with . or Enter, or press ? or * to list all spells.
Aiming: Ensorcelled Hibernation (safe; 2% risk of failure)
Press: ? - help, Shift-Dir - straight line, f/p - centaur
Aim: a centaur, wielding a +0 shortbow and quivering arrows (chance to affect: 53%)
You miscast Ensorcelled Hibernation.
You are very lightly contaminated with residual magic.
Nothing appears to happen.
The centaur shoots an arrow.
The arrow hits you.
Unknown command.
Casting: Ensorcelled Hibernation (safe; 2% risk of failure)
Confirm with . or Enter, or press ? or * to list all spells.
Aiming: Ensorcelled Hibernation (safe; 2% risk of failure)
Press: ? - help, Shift-Dir - straight line, f/p - centaur
Aim: a centaur, wielding a +0 shortbow and quivering arrows (chance to affect: 53%)
The centaur resists with significant effort.
The centaur shoots an arrow.
The arrow hits you!
The centaur shoots an arrow.
The arrow hits you!
* * * LOW HITPOINT WARNING * * *
Unknown command.
Casting: Ensorcelled Hibernation (safe; 2% risk of failure)
Confirm with . or Enter, or press ? or * to list all spells.
Aiming: Ensorcelled Hibernation (safe; 2% risk of failure)
Press: ? - help, Shift-Dir - straight line, f/p - centaur
Aim: a centaur, wielding a +0 shortbow and quivering arrows (chance to affect: 53%)
The centaur resists with significant effort.
Unknown command.
Your magical contamination has completely faded away.
The centaur shoots an arrow.
The arrow closely misses you.
The centaur shoots an arrow.
The arrow hits you but does no damage.
The centaur shoots an arrow.
The arrow closely misses you.
The centaur shoots an arrow.
The arrow completely misses you.
The centaur shoots an arrow.
The arrow hits you!
* * * LOW HITPOINT WARNING * * *
The centaur shoots an arrow.
The arrow barely misses you.
The centaur shoots an arrow.
The arrow barely misses you.
The centaur shoots an arrow.
The arrow hits you!
* * * LOW HITPOINT WARNING * * *
There is a stone staircase leading up here.
The centaur shoots an arrow.
The arrow closely misses you.
The centaur shoots an arrow.
The arrow hits you.
You die...

#....#..# #...#
.....#..######c..#####
....>.................
.####.c#####....###.#
####+###...............#
..........................
####.###.##..##.#..........
#.###.##..##........)...
#......@................
#...........†......#.##.#
#..###.##.###+###..#.#
....................... ..
...................
......##.##.##....#..#. ###
#.....##.##†####### ....
#.........)........
##..###....##.##.#######


You could see a centaur.

Vanquished Creatures
  A necrophage (D:4)
  A phantom (D:4)
  2 scorpions
  A howler monkey (D:4)
  5 orc priests (D:4)
  Jessica (D:3)
  2 bullfrog skeletons
  2 adders (D:4)
  An adder skeleton (D:4)
  2 worms
  3 dart slugs
  11 orcs
  2 ball pythons
  4 endoplasms
  4 giant cockroaches
  9 goblins
  5 hobgoblins
  3 quokkas
  8 bats
  2 frilled lizards (D:1)
  6 kobolds
  5 rats
80 creatures vanquished.

Notes
Turn   | Place    | Note
-------+----------+-------------------------------------------
     0 | D:1      | Malachi the Vampire Enchanter began the quest for the Orb.
     0 | D:1      | Reached XP level 1. HP: 13/13 MP: 3/3
   110 | D:1      | Reached skill level 5 in Stealth
   121 | D:1      | Reached XP level 2. HP: 19/19 MP: 5/5
   144 | D:1      | Learned a level 2 spell: Ensorcelled Hibernation
   215 | D:1      | Found Buqyog's Weapon Emporium.
   710 | D:1      | Reached skill level 1 in Ice Magic
   903 | D:2      | Reached skill level 6 in Stealth
   931 | D:2      | Gained mutation: You are afflicted with vampirism and can
                  | become a bat while bloodless. [Vampire growth]
   931 | D:2      | Reached XP level 3. HP: 23/24 MP: 6/6
  1562 | D:2      | Found a faded altar of an unknown god.
  1640 | D:2      | Identified a scroll of acquirement
  1640 | D:2      | Acquired a +2 pair of boots of rampaging
  1954 | D:3      | Noticed Jessica
  1964 | D:3      | Killed Jessica
  1965 | D:3      | Reached XP level 4. HP: 26/30 MP: 0/7
  2605 | D:2      | Learned a level 3 spell: Confusing Touch
  2681 | D:3      | Reached skill level 7 in Stealth
  2994 | D:4      | Reached XP level 5. HP: 35/35 MP: 8/8
  3035 | D:4      | Reached skill level 5 in Hexes
  3187 | D:4      | Reached skill level 8 in Stealth
  3320 | D:4      | Reached XP level 6. HP: 41/41 MP: 2/9
  3834 | D:4      | Reached skill level 9 in Stealth
  3834 | D:4      | Reached XP level 7. HP: 46/46 MP: 10/10
  4502 | D:5      | Entered Level 5 of the Dungeon
  4709 | D:5      | HP: 2/46 [centaur/arrow (10)]
  4710 | D:5      | Shot with an arrow by a centaur

Illustrated notes

Levels and vault maps discovered:
D:1:      ncdulo_halloftheorcs, layout_loops_ring, serial_shops,
          nicolae_shop_crystal, hangedman_abyss_or_decor_stabs,
          nrook_mini_backslash, minmay_misc_feat_square,
          minmay_misc_feat_enclosed, minmay_misc_feat_secret_circle,
          minmay_quantized
D:2:      layout_basic, hellmonk_ecumenical_altar_arch_garden
D:3:      layout_basic, minivault_11, uniq_jessica
D:4:      layout_gridville, grunt_ministairs_13
D:5:      layout_basic, uniq_crazy_yiuf_cottage

Skill      XL: |  1  2  3  4  5  6  7 |
---------------+----------------------+-----
Stealth        | 5 6 7 8 9 |  9.4
Ice Magic      | 1 2 3 4 |  4.0
Hexes          | 5 6 7 |  7.0
Short Blades   | |  1.7
Dodging        | |  2.1
Spellcasting   | |  2.0

Action                   |  1- 3 |  4- 6 |  7- 9 || total
-------------------------+-------+-------+-------++-------
Melee: Dagger            |   167 |    79 |     8 ||   254
       Bite              |    12 |     8 |       ||    20
 Cast: Ensorcelled Hiber |     8 |    18 |     4 ||    30
       Confusing Touch   |       |     4 |       ||     4
  Use: Scroll            |     3 |       |     6 ||     9
 Stab: Sleeping          |    16 |    18 |     5 ||    39
       Confused          |       |     5 |       ||     5
       Distracted        |       |     1 |       ||     1
Armor: Robe              |    33 |    13 |     2 ||    48
Dodge: Dodged            |   115 |    49 |    13 ||   177
